Cogmind - Beta 16.1 @@@ ROGUE MODE // 2026.04.22 @ 00:45:10 Player: certified.possum Result: Self-destructed Performance ------------- Evolutions (1) 500 Regions Visited (3) 600 Robots Destroyed (36) 180 Value Destroyed (814) 814 Prototype IDs (4) 80 Alien Tech Used (0) 0 Bonus (4) 4 TOTAL SCORE: 2178 Bonus ------- High Alert Combat Kills 4 Cogmind --------- Core Integrity 158/400 Matter 244/300 Energy 250/250 System Corruption 1% Temperature Cool (0) Movement Hovering (80) Location -9/Materials Parts ------- > --- POWER (1) -------- Ion Engine > --- PROPULSION (3) --- Combat Airjet > --- UTILITY (3) ------ ECM Suite > --- WEAPON (2) ------- (None) > --- INVENTORY (5) ---- EM Pulse Gun Small Laser Peak State ------------ > --- POWER ------------ Ion Engine > --- PROPULSION ------- Combat Airjet > --- UTILITY ---------- Signal Interpreter ECM Suite > --- WEAPON ----------- EMP Blaster Grenade Launcher > --- INVENTORY -------- Ion Engine EM Pulse Gun Small Laser Mini Grenade Launcher [Rating: 11] Favorites ----------- Power Ion Engine Engine Ion Engine Propulsion Aluminum Leg Leg Aluminum Leg Hover Unit Combat Airjet Utility ECM Suite Device ECM Suite Storage Small Storage Unit Processor Signal Interpreter Weapon Small Laser Energy Gun Small Laser Energy Cannon Beam Cannon Ballistic Gun Assault Rifle Launcher Grenade Launcher Build | -11 -10 -10 -9 ------- Run | Yrd Mat Min Mat Slots Evolved 2 | . . . 2 Power . | . . . . Propulsion 1 | . . . 1 Utility 1 | . . . 1 Weapon . | . . . . Parts Attached 24 | 5 11 4 4 Power 5 | 1 1 1 2 Engine 5 | 1 1 1 2 Core . | . . . . Reactor . | . . . . Propulsion 8 | 2 5 1 . Treads . | . . . . Leg 7 | 2 5 . . Wheel . | . . . . Hover 1 | . . 1 . Flight . | . . . . Utility 3 | . 2 1 . Device 1 | . 1 . . Storage 1 | . 1 . . Processor 1 | . . 1 . Hackware . | . . . . Protection . | . . . . Artifact . | . . . . Weapon 8 | 2 3 1 2 Energy Gun 2 | . 2 . . Energy Cannon 1 | . 1 . . Ballistic Gun 2 | 2 . . . Ballistic Cannon . | . . . . Launcher 3 | . . 1 2 Special Weapon . | . . . . Impact Weapon . | . . . . Slashing Weapon . | . . . . Piercing Weapon . | . . . . Special Melee Weapon . | . . . . Unidentified Prototypes . | . . . . Parts Lost 9 | . 3 . 6 Power 3 | . 1 . 2 Propulsion 1 | . 1 . . Utility 1 | . . . 1 Weapon 4 | . 1 . 3 Highest Loss Streak 2 | . 1 . 2 To Critical Strikes . | . . . . Average Backups 3 | 3 4 3 2 Power . | . . . . Propulsion 1 | . 1 1 . Utility . | . . . . Weapon 1 | . 1 2 2 Tool/Special . | . . . . Unused Backups 2 | . . 1 1 Power . | . . . . Propulsion 1 | . . 1 . Utility . | . . . . Weapon 1 | . . . 1 Tool/Special . | . . . . Average Slot Usage (%) 76 | . 77 85 54 Engine 13 | . 13 14 10 Leg 18 | . 27 11 . Hover 4 | . . 8 11 Device 7 | . 1 14 11 Storage 5 | . 5 6 . Processor 1 | . . 1 7 Energy Gun 10 | . 4 21 5 Energy Cannon 2 | . 4 . . Ballistic Gun 9 | . 18 . . Launcher 3 | . . 6 9 Peak Build Rating 11 | 5 7 10 11 Average Rating 6 | 3 5 8 9 On Entrance 5 | . 5 7 10 Avg Prop Armor Cover (%) . | . . . . Naked Turns . | . . . . Heaviest Build 16 | 7 16 14 14 Greatest Support 20 | 20 20 20 12 Greatest Overweight (x) 3 | 1 3 1 1 Average Overweight (x) . | . . . . Largest Inventory Capacity 8 | 5 8 8 5 Average Capacity 6 | 5 6 6 5 Most Carried 7 | 5 7 7 4 Average Carried 3 | 3 4 3 2 Final Capacity 8 | 5 8 5 5 Final Carried 5 | 3 5 2 2 Class Distribution -------------------- 100% | Mutant Dominant Class ---------------- Mutant | -10/Materials Mutant | -10/Mines Mutant | -9/Materials Resources | -11 -10 -10 -9 ----------- Run | Yrd Mat Min Mat Matter Collected 828 | 204 335 150 139 Remotely . | . . . . Salvage Created 872 | . 413 127 332 Parts 65 | . 31 . 34 Haulers Intercepted . | . . . . Recyclers Shooed . | . . . . Parts Field Recycled . | . . . . Retrieved Matter . | . . . . Parts Self-Destructed . | . . . . Prevented . | . . . . Parts Restored . | . . . . Kills | -11 -10 -10 -9 ------- Run | Yrd Mat Min Mat Combat Hostiles Destroyed 40 | . 15 9 16 Guns 18 | . 14 4 . Cannons 1 | . 1 . . AOE 21 | . . 5 16 Classes Destroyed 8 | . 2 2 4 Worker 1 | . . . 1 Builder 2 | . . . 2 Recycler 1 | . . 1 . Watcher 1 | . . . 1 Swarmer 15 | . 6 . 9 Grunt 15 | . 9 . 6 Sentry 1 | . . . 1 Assembled 9 | . . 9 . Best Kill Streak 11 | . 5 3 11 Combat Bots Only 9 | . 5 3 9 Max Kills in Single Turn 3 | . 1 2 3 Gunslinging . | . . . . Exploded 2 | . . 2 2 Melee . | . . . . Uniques/NPCs Destroyed . | . . . . Combat | -11 -10 -10 -9 -------- Run | Yrd Mat Min Mat Hostile Shots Fired 186 | . 97 17 72 Missed 63 | . 29 6 28 Hits 123 | . 68 11 44 Melee 3 | . . 3 . Projectile 120 | . 68 8 44 Damage Taken 1495 | . 727 195 573 Core 444 | . 154 48 242 Absorbed by Shields . | . . . . Regen/Repaired (Parts) 94 | . 49 . 45 Core Remaining (%) 59 | 100 . 19 . Volleys Fired 82 | . 43 18 21 Largest 2 | . 2 2 1 Hottest 100 | . 100 80 33 Shots Fired 134 | . 86 27 21 Gun 95 | . 77 18 . Cannon 9 | . 9 . . Launcher 30 | . . 9 21 Special . | . . . . Kinetic 68 | . 68 . . Thermal 36 | . 18 18 . Explosive 21 | . . 9 12 Electromagnetic 9 | . . . 9 Robot Hit Streak 9 | . 9 4 6 Robot Miss Streak 6 | . 6 5 3 Penetration Max . | . . . . Secondary Targets 1 | . . 1 . Max Gunslinging Chain 1 | . . 1 . Shots Hit Robots 79 | . 56 10 13 Core Hits 67 | . 23 14 30 Critical Kills . | . . . . Critical Parts Destroyed . | . . . . Critical Strikes . | . . . . Melee Attacks . | . . . . Impact . | . . . . Slashing . | . . . . Piercing . | . . . . Sneak Attacks . | . . . . Combat Hostiles . | . . . . Follow-up Attacks . | . . . . Damage Inflicted 2247 | . 720 375 1152 Guns 716 | . 627 89 . Cannons 89 | . 89 . . Explosions 1433 | . . 281 1152 Melee . | . . . . Ramming 9 | . 4 5 . Kinetic 562 | . 562 . . Thermal 243 | . 154 89 . Explosive 1214 | . . 281 933 Electromagnetic 219 | . . . 219 Impact . | . . . . Slashing . | . . . . Piercing . | . . . . Highest Corruption 1 | . . . 1 Average Corruption 1 | . . . 1 Corruption Purged . | . . . . Corruption Blocked . | . . . . Effects 4 | . . . 4 Matter Fused 1 | . . . 1 Energy Discharges 2 | . . . 2 Data Loss (minor) 1 | . . . 1 Overload Shots . | . . . . Overflow Damage 31 | . . . 31 Projectiles . | . . . . Explosions 31 | . . . 31 Melee . | . . . . Knockbacks . | . . . . Impact . | . . . . Kinetic . | . . . . Secondary . | . . . . Self-Inflicted Damage 134 | . . 27 107 Shots 10 | . . 2 8 Rammed 1 | . . 1 . Targets Rammed 5 | . 4 1 . Kicked 4 | . 4 . . Crushed . | . . . . Highest Temperature 282 | . 282 90 8 Average Temperature 78 | . 108 38 4 Received Heat Transfer 429 | . 339 . 90 Effects 1 | . 1 . . Interference 1 | . 1 . . Siege Activations . | . . . . Martial Activations . | . . . . Shielding Activations . | . . . . Robots Disrupted . | . . . . Combat Hostiles . | . . . . Robots Corrupted . | . . . . Combat Hostiles . | . . . . Parts Fried . | . . . . Impact Corruptions . | . . . . Robots Melted . | . . . . Combat Hostiles . | . . . . Parts Melted 1 | . 1 . . Heat Transferred 535 | . 335 200 . Parts Sabotaged . | . . . . Parts Stolen . | . . . . Parts Stripped . | . . . . Power Chain Reactions 1 | . . . 1 Alert | -11 -10 -10 -9 ------- Run | Yrd Mat Min Mat Maximum Alert Level 2 | . . . 2 Low Security (%) 90 | 100 100 100 39 Level 1 6 | . . . 42 Level 2 2 | . . . 18 Level 3 . | . . . . Level 4 . | . . . . Level 5 . | . . . . High Security . | . . . . Max Security . | . . . . Peak Influence 429 | . 150 20 429 Initial . | . . . . Average 55 | . 34 1 247 Influence Increases 1046 | . 397 59 590 Destroy 0b10 Robot/C 620 | . 300 . 320 Destroy 0b10 Robot/NC 25 | . . 5 20 Destroy Leader 122 | . 60 . 62 Successful Hack 22 | . 22 . . Disable Machine 75 | . . . 75 Destroy Structure 167 | . . 54 113 Lose Combat Pursuer 15 | . 15 . . Influence Decreases 674 | . 397 59 218 Time Decay 604 | . 387 59 158 Lost Part 70 | . 10 . 60 Squads Dispatched 8 | . 4 . 4 Investigation 3 | . 2 . 1 Extermination . | . . . . Reinforcement 5 | . 2 . 3 Assault . | . . . . Garrison . | . . . . Intercept . | . . . . Searches Triggered . | . . . . Construction Impeded 1 | . . . 1 Haulers Reinforced . | . . . . Active Scanning Responses . | . . . . Cargo Convoy Interrupts . | . . . . Stealth | -11 -10 -10 -9 --------- Run | Yrd Mat Min Mat Distress Signals 2 | . 1 . 1 Communications Jammed . | . . . . Distress Signals . | . . . . Times Spotted 63 | . 25 10 28 Peak Tracking Total 5 | . 5 3 5 Tactical Retreats 9 | . 2 4 3 ECM-based Alert Blocks 8 | . 1 . 7 Traps | -11 -10 -10 -9 ------- Run | Yrd Mat Min Mat Traps Triggered 3 | . 3 . . Indirectly . | . . . . Trap Hack Attempts . | . . . . Triggered . | . . . . Disarmed . | . . . . Reprogrammed . | . . . . Reused . | . . . . Traps Extracted . | . . . . Installed . | . . . . Triggered . | . . . . Machines | -11 -10 -10 -9 ---------- Run | Yrd Mat Min Mat Machines Disabled 5 | . . . 5 Max in Single Turn 2 | . . . 2 Machines Repaired . | . . . . Machines Dismantled . | . . . . Machines Sabotaged . | . . . . Overloaded Fab Kills . | . . . . Hacking | -11 -10 -10 -9 --------- Run | Yrd Mat Min Mat Machines Accessed 11 | . 7 . 4 Terminals 8 | . 5 . 3 Fabricators . | . . . . Repair Stations 2 | . 1 . 1 Recycling Units 1 | . 1 . . Scanalyzers . | . . . . Garrison Access . | . . . . Total Hacks 30 | . 16 . 14 Successful 19 | . 13 . 6 Failed 11 | . 3 . 8 Catastrophic 3 | . . . 3 Database Lockouts . | . . . . Manual 1 | . . . 1 Terminals 18 | . 10 . 8 Fabricators . | . . . . Repair Stations 8 | . 2 . 6 Recycling Units 4 | . 4 . . Scanalyzers . | . . . . Garrison Access . | . . . . Terminal Hacks 11 | . 7 . 4 Robot Analysis 2 | . 2 . . Prototype ID Bank 2 | . 2 . . Emergency Access Points 3 | . 2 . 1 Alert Level 2 | . . . 2 Recall Reinforcements 1 | . . . 1 Hauler Manifests 1 | . 1 . . Fabricator Hacks . | . . . . Repair Station Hacks 4 | . 2 . 2 Scan Component 2 | . 1 . 1 Repair 2 | . 1 . 1 Recycling Unit Hacks 4 | . 4 . . Process 1 | . 1 . . Report Inventory 1 | . 1 . . Retrieve Matter 2 | . 2 . . Scanalyzer . | . . . . Garrison Access Hacks . | . . . . Unauthorized Hacks . | . . . . Terminals . | . . . . Fabricators . | . . . . Repair Stations . | . . . . Recycling Units . | . . . . Scanalyzers . | . . . . Garrison Access . | . . . . Data Cores Recovered . | . . . . Used . | . . . . Hacking Detections 8 | . 4 . 4 Full Trace Events 3 | . 1 . 2 Feedback Events 1 | . . . 1 Corruption 1 | . . . 1 Feedback Blocked . | . . . . Robot Schematics Acquired . | . . . . Robots Built . | . . . . Authchips . | . . . . Time . | . . . . Total Robot Build Rating . | . . . . Part Schematics Acquired . | . . . . Parts Built . | . . . . Authchips . | . . . . Time . | . . . . Total Part Build Rating . | . . . . Part Studies Acquired . | . . . . Parts Repaired 2 | . 1 . 1 Time 52 | . 26 . 26 Parts Recycled . | . . . . Recycled Matter 4 | . 4 . . Retrieved Matter 4 | . 4 . . Retrieved Components . | . . . . Parts Scanalyzed . | . . . . Part Schematics Acquired . | . . . . Parts Damaged . | . . . . Bothacking | -11 -10 -10 -9 ------------ Run | Yrd Mat Min Mat Used RIF Installer . | . . . . Robots Hacked . | . . . . Non-combat . | . . . . Combat . | . . . . Robot Hacks Applied . | . . . . Relay Couplers Released . | . . . . Fabnet Peak Effective % . | . . . . Robots Rewired . | . . . . Allies Hacked . | . . . . Hacks Repelled . | . . . . Allies | -11 -10 -10 -9 -------- Run | Yrd Mat Min Mat Total Allies . | . . . . Largest Group . | . . . . Highest-Rated Group . | . . . . Highest-Rated Ally . | . . . . Total Orders . | . . . . Ally Attacks . | . . . . Total Damage . | . . . . Kills . | . . . . Allies Corrupted . | . . . . Allies Melted . | . . . . Intel | -11 -10 -10 -9 ------- Run | Yrd Mat Min Mat Active Infowar (turns) 1460 | . 182 861 417 ECM 1460 | . 182 861 417 Robot Analysis Total 2 | . 2 . . Derelict Logs Recovered 1 | . . 1 . Drone Launches . | . . . . Drone Recoveries . | . . . . Exploration | -11 -10 -10 -9 ------------- Run | Yrd Mat Min Mat Turns Passed 2761 | 48 1435 861 417 Spaces Moved 1665 | 41 635 684 305 Core 25 | 20 5 . . Treads . | . . . . Legs 927 | 21 630 276 . Wheels . | . . . . Hover 713 | . . 408 305 Flight . | . . . . Fastest Speed 50 | 50 120 80 80 Average Speed 103 | 91 121 96 81 Slowest Speed 200 | 120 200 150 150 Overloaded Moves . | . . . . Propulsion Burnouts . | . . . . Robots Hopped . | . . . . Potential Cave-ins 2 | . . 2 . Cave-ins Triggered . | . . . . Exploration Rate (%) 55 | 3 97 97 24 Regions Visited 3 Branch Regions 1 Pre-discovered Areas 1 | . . 1 . Known Exits Taken 1 | . . 1 . Unknown Exits Taken 2 | 1 1 . . Scrap Searched 1 | . . 1 . Spaces Dug . | . . . . Terrain Destroyed 172 | . . 58 114 Melee . | . . . . Projectile . | . . . . AOE 172 | . . 58 114 Terrain Rammed . | . . . . Walls Destroyed . | . . . . Machines Disabled . | . . . . Actions | -11 -10 -10 -9 --------- Run | Yrd Mat Min Mat Total 2573 | 50 1213 860 450 Wait 759 | . 505 140 114 Move 1662 | 40 634 683 305 Hop . | . . . . Pick Up 25 | 5 11 5 4 Fast Attach 3 | 3 . . . Attach 17 | 2 8 3 4 Detach . | . . . . Swap 8 | . 5 1 2 Drop 12 | . 3 9 . Fire 82 | . 43 18 21 Melee . | . . . . Ram 1 | . . 1 . Kick 4 | . 4 . . Crush . | . . . . Escape Stasis . | . . . . Rewire . | . . . . Trap . | . . . . Miscellaneous . | . . . . Route ------- -11/Scrapyard -10/Materials (discovered 4 exits: *Mat x3 / [*Min]) -10/Mines (discovered 2 exits: *Mat x2) -9/Materials History --------- Turn | Location | Event 2 | -11/Scrapyard | Met Revision 17 6 | -11/Scrapyard | Discovered new exit (range 15) 49 | -11/Scrapyard | Entered Materials 316 | -10/Materials | Build established: Mutant 551 | -10/Materials | Discovered new exit (range 7) 896 | -10/Materials | Discovered new exit (range 9) 1146 | -10/Materials | Core integrity fell below 50% 1304 | -10/Materials | Repaired Ion Engine? 1349 | -10/Materials | Discovered new exit (range 15) 1464 | -10/Materials | Discovered new exit (range 5) 1484 | -10/Materials | Entered Mines 1498 | -10/Mines | Met a Derelict bent on vengeance 1654 | -10/Mines | Assembled infested the area 1822 | -10/Mines | Discovered new exit (range 11) 1945 | -10/Mines | Core integrity fell below 20% 2121 | -10/Mines | Discovered new exit (range 8) 2122 | -10/Mines | Learned location of Storage (-8) 2189 | -10/Mines | Found a hidden stash of uninstalled traps 2219 | -10/Mines | Learned Materials security intel 2308 | -10/Mines | Identified exit to Materials 2345 | -10/Mines | Entered Materials 2345 | -9/Materials | Evolved 2 slots: Propulsion x1, Utility x1 2376 | -9/Materials | Repaired Grenade Launcher 2550 | -9/Materials | Destroyed 9 combat bots 2719 | -9/Materials | Core integrity fell below 50% 2762 | -9/Materials | Self-destructed Last Messages --------------- K-01 Serf collects debris. S-10 Pest IFF system glitched. S-10 Pest destroyed. U-05 Engineer builds a Wall. K-01 Serf collects debris. System corrupted: Component data lost. Acquired 10 matter. Extracted 50 matter. K-01 Serf collects debris. O-16 Technician: "IFF HANDSHAKE FAILED. SECURING TERMINAL." Destroyed Datajack. Mni. Grenade Launcher destroyed. The unstable cave ceiling collapses. W-16 Scout destroyed. EMP Blaster destroyed. ALERT: Hostiles spotted, dispatching reinforcements to Terminal M003. W-16 Scout sends out distress signal. System corrupted: Matter fused (-9). Map ----- +----------------------------------------------------+ | ???????????????????????????? ????????# # % | | ???????????????????????????# ???????# # # # # | | ???????????????????????????# ####??# #### #### | | ??????????????????????????# #?# # [ | | ?????????????????????????? ## # | | ????????????????????????? # """ | | ?????????????????????????!% + ! """ | | ??????????????????????????# # """ | | ???????????????????????????# # ## #" [ """ | | ??????????????????????????? ????# #T """ | | ??????????????????????????? ????????# #" | | ?????????????????????????????????????# # | | ?????????????????????????????????????# ######### | | ?????????????????????????????????????# #???????# | | ?????????????????????????????????????# #???????# | | ?????????????????????????????????????# #???????# | | ?????????????????????????????????????# #???????? | | ?????????????????????????????????????# #???????? | | ????????????????????????????????????## ##??????? | | ?????????????######+################# ###+#### | | ???????????? | | ???????????? T [ | | ???????????? | | ???????????????????#######Y######+### ###+#### | | ??????????????????????# #?? ?## ####??????? | | ??????????????????????# @"""#?? ??# #?????????? | | ??????????????????????# """#?"" /!?# #?????????? | | ??????????????????????# """#?"" !!?# #?????????? | | ??????????????????????# # ## #?????????? | | ??????????????????????# # [## #?????????? | | ??????????????????????############ ### #?????????? | | ??????????????????????????????????##?# #?????????? | | ?????????????????????????????????????# #?????????? | | ?????????????????????????????????????? ??????????? | | ?????????????????????????????????????? ??????????? | | ?????????????????????????????????????? ??????????? | | ?????????????????????????????????????? ??????????? | | ?????????????????????????????????????? ??????????? | | ?????????????????????????????????????? ??????????? | | ?????????????????????????????????????? ??????????? | | ?????????????????????????????????????????????????? | | ?????????????????????????????????????????????????? | | ?????????????????????????????????????????????????? | | ?????????????????????????????????????????????????? | | ?????????????????????????????????????????????????? | | ?????????????????????????????????????????????????? | | ?????????????????????????????????????????????????? | | ?????????????????????????????????????????????????? | | ?????????????????????????????????????????????????? | | ?????????????????????????????????????????????????? | +----------------------------------------------------+ Best States ------------- Heat Dissipation 28 Energy Generation 10 Energy Capacity 250 Matter Stores 300 Matter Capacity 300 Sight Range 16 Terrain Scan Density 10 ECM Strength 1 Evasion (%) 55 Item Schematics ----------------- None Robot Schematics ------------------ None Fabricated ------------ Nothing Repaired ---------- Ion Engine | 18% | -10/Materials Grenade Launcher | 25% | -9/Materials Studied --------- None Alien Tech Used ----------------- None Achievements -------------- I Survived The Infestation You Again Challenges ------------ None Game ------ Seed CloakBottomlessFacilitator Manual? 0 Play Time 00:23:56 Cumulative 7.3 hours Start 2026.04.22 @ 00:22:46 End 2026.04.22 @ 00:45:10 Sessions 1 Manual Loads 0 Difficulty Rogue Special Mode None Game No. 26 Rogue 26 Adventurer 0 Explorer 0 Win Type - Total 0 Types 0/0/0/0/0/0/0/0/0/0 Lore% 3 Gallery% 11 Achievement% 11 Wizard Run 0 Options --------- Layout 1 ASCII 0 Keyboard 0 Movement Mouse Keybinds 0 Fullscreen 2 Font 32/Tamsyn Map View 50x35 Zoom Use 0% Tactical HUD 0 Map Filters NONE Filters NONE Steam 1 RUN: 71e95b32-dc9c-47d8-8a94-bb047baacfa4